 Dungeon Crawl Stone Soup version 0.27-a0-1590-g15f69828bf (webtiles) character file.

Game seed: 8112251994215048825

25 flotson the Sneak (level 2, -2/24 HPs)
             Began as a Demonspawn Delver on July 18, 2021.
             Frozen to death by an endoplasm (5 damage)
             ... on level 1 of the Dungeon.
             The game lasted 00:03:44 (538 turns).

flotson the Sneak (Demonspawn Delver)                Turns: 538, Time: 00:03:45

Health: -2/24      AC:  3    Str: 12    XL:     2   Next: 82%
Magic:  2/2        EV: 31    Int: 11    God:
Gold:   30         SH:  0    Dex: 14    Spells: 1/1 levels left

rFire    . . .     SeeInvis .   a - +1 hand axe
rCold    . . .     Faith    .   (no shield)
rNeg     . . .     Spirit   .   b - +0 leather armour
rPois    .         Reflect  .   (no helmet)
rElec    .         Harm     .   (no cloak)
rCorr    .         Rampage  .   (no gloves)
Will     .....                  (no boots)
Stlth    ++........             d - amulet of the acrobat
HPRegen  0.08/turn              i - +4 ring of evasion
MPRegen  0.08/turn              e - +4 ring of slaying

@: acrobatic
A: ignite blood 1
a: no special abilities


You were on level 1 of the Dungeon.
You visited 1 branch of the dungeon, and saw 5 of its levels.

You collected 30 gold pieces.

Inventory:

Hand Weapons
 a - a +1 hand axe (weapon)
Missiles
 j - 5 poisoned darts (quivered)
Armour
 b - a +0 leather armour (worn)
 c - a +0 cloak
 f - a +0 ring mail
Jewellery
 d - an amulet of the acrobat (around neck)
 e - a +4 ring of slaying (right hand)
 i - a +4 ring of evasion (left hand)
Wands
 g - a wand of digging (2)
Scrolls
 k - a scroll of identify {unknown}
Potions
 h - a potion of curing


   Skills:
 + Level 3.2 Fighting
 + Level 2.1 Axes
 + Level 0.0 Throwing
 + Level 0.9 Armour
 + Level 2.1 Dodging
 - Level 4.5 Stealth
 + Level 0.2 Evocations


You had one spell level left.
You didn't know any spells.
Your spell library was empty.

Dungeon Overview and Level Annotations

Branches:
Dungeon (5/15)
 Temple: D:4-7

Altars:

Annotations:
D:3 Grinder


Innate Abilities, Weirdness & Mutations

Your demonic aura sometimes causes spilled blood to erupt in flames.


Message History

Found a scroll labelled LOHEHO ZEPOXTI.
You see here a potion of curing.
Okay, then.
Unknown command.
h - a potion of curing The adder barely misses you.
The adder bites you.
* * * LOW HITPOINT WARNING * * *
The adder completely misses you.
You see here a scroll labelled LOHEHO ZEPOXTI.
k - a scroll labelled LOHEHO ZEPOXTI The adder bites you but does no damage.
The adder bites you.
* * * LOW HITPOINT WARNING * * *
You open the door. The adder misses you. The adder completely misses you.
The adder misses you.
There is an open door here.
A hobgoblin comes into view.
The adder bites you.
* * * LOW HITPOINT WARNING * * *
Unknown command.
The adder barely misses you. The adder closely misses you.
Okay, then.
The adder completely misses you. The adder completely misses you.
A hobgoblin comes into view.
The adder completely misses you.
The hobgoblin shouts!
The adder closely misses you. The adder completely misses you.
An endoplasm comes into view.
Found 7 gold pieces.
The endoplasm quivers.
The adder closely misses you.
The rat twitches its whiskers.
The adder completely misses you. The adder bites you.
* * * LOW HITPOINT WARNING * * *
The endoplasm freezes you.
You are frozen.
You die...

#.# #.# #g#
####### #.#
#.....# ##.######
#r###.####..g.....
#S.g.....#..######
#○J#..g..g........
#@.#..##.#..######
#..#..##.#.....r..
..$...##......####
#......##.#...##
#.#.#####.##.##
#.#.# #.##.# #. ..
..##.# #. .. ##'##
##...##


You could see an adder, an endoplasm, a hobgoblin and a rat.

Vanquished Creatures
  An adder (D:3)
  2 ball pythons
  2 goblins (D:3)
  A hobgoblin (D:3)
  4 jackals (D:3)
  3 kobolds
  A frilled lizard (D:3)
  A rat (D:3)
15 creatures vanquished.

Notes
Turn   | Place    | Note
-------+----------+-------------------------------------------
     0 | D:5      | flotson the Demonspawn Delver began the quest for the Orb.
     0 | D:5      | Reached XP level 1. HP: 18/18 MP: 1/1
    98 | D:5      | Noticed a hound
   105 | D:5      | Noticed an iguana
   188 | D:4      | Noticed an ogre
   251 | D:3      | Gained mutation: Your demonic aura sometimes causes spilled
                  | blood to erupt in flames. [demonic ancestry]
   251 | D:3      | Reached XP level 2. HP: 21/24 MP: 2/2
   306 | D:3      | Noticed Grinder
   313 | D:3      | Paralysed by Grinder for 4 turns
   374 | D:3      | Paralysed by Grinder for 3 turns
   538 | D:1      | Frozen to death by an endoplasm

Illustrated notes

Levels and vault maps discovered:
D:1:      sevenhm_arrival_forest_fort_large_4, layout_loops_corners
D:2:      minmay_diamond_boxcup, layout_loops_ring
D:3:      layout_basic, kiku_gazebo_garden_becter, kennysheep_generic_room_6,
          uniq_grinder
D:4:      layout_basic, nicolae_hepliaklqana_monster_ancestors,
          mainiacjoe_overflow_concentric_impassable, amcnicky_altar_gilded,
          kennysheep_path_1, minmay_shop_grid_forest, uniq_blork_the_orc
D:5:      layout_basic, minmay_fractal_squares_5

Skill      XL: |  1 |
---------------+----+-----
Axes           | 2 |  2.1
Dodging        | 2 |  2.1
Fighting       | |  3.2
Armour         | |  0.9
Stealth        | |  4.5
Evocations     | |  0.2

Action                   || total
-------------------------++-------
Melee: Hand axe          ||    40
Throw: Dart              ||     9
Evoke: Wand              ||     1
  Use: Scroll            ||     4
       Potion            ||     1
Armor: Leather armour    ||    12
Dodge: Dodged            ||    97

Table legend: (Time is in decaauts)
 A = Elapsed time spent in this place.
 B = Non-inter-level travel time spent in this place.
 C = Inter-level travel time spent in this place.
 D = Time resting spent in this place.
 E = Time spent auto-exploring this place.
 F = Levels seen in this place.
 G = Mean time per level.
                   A        B        C        D        E       F      G
               +--------+--------+--------+--------+--------+-----+--------+
         Total |    526 |    526 |      0 |      2 |    120 |   5 |  105.2 |
       Dungeon |    526 |    526 |      0 |      2 |    120 |   5 |  105.2 |
               +--------+--------+--------+--------+--------+-----+--------+

Top non-repeatable levels by time:
     D:3: 175 daAuts
     D:5: 125 daAuts
     D:4: 99 daAuts
     D:1: 63 daAuts
     D:2: 62 daAuts
